 Dungeon Crawl Stone Soup version 0.29.1-2-gbd0b4ee654 (webtiles) character file.

Game seed: 9348401403575323082

5096 Icepheonix32 the Cleaver (level 10, 0/93 HPs)
             Began as a Minotaur Fighter on Nov 2, 2022.
             Was a Believer of Okawaru.
             Slain by a yak (4 damage)
             ... on level 9 of the Dungeon.
             The game lasted 00:13:59 (9751 turns).

Icepheonix32 the Cleaver (Minotaur Fighter)         Turns: 9751, Time: 00:14:00

Health: 0/93       AC: 14    Str: 24    XL:     10   Next: 32%
Magic:  9/11       EV: 14    Int:  6    God:    Okawaru [**....]
Gold:   508        SH:  7    Dex: 15    Spells: 9/9 levels left

rFire   . . .      SeeInvis +   j - +1 hand axe (elec)
rCold   . . .      Faith    .   c - +0 buckler
rNeg    . . .      Spirit   .   b - +0 scale mail
rPois   +          Reflect  .   (helmet restricted)
rElec   .          Harm     .   m - +0 cloak
rCorr   .          Rampage  .   k - +1 pair of gloves {Str+3}
Will    .....                   (no boots)
Stlth   ++........              (no amulet)
HPRegen 0.25/turn               e - ring of see invisible
MPRegen 0.12/turn               (no ring)

@: mighty, heroic, unable to read
A: horns 2, retaliatory headbutt, agile 1, poison resistance, inability to read
after injury 1
a: Renounce Religion, Heroism


You were on level 9 of the Dungeon.
You worshipped Okawaru.
Okawaru was pleased with you.
You visited 2 branches of the dungeon, and saw 10 of its levels.

You collected 532 gold pieces.
You spent 24 gold pieces at shops.

Inventory:

Hand Weapons
 j - a +1 hand axe of electrocution (weapon)
 l - a +3 short sword
 s - a +3 flail
 t - a +2 short sword of venom
 y - a +2 dagger of draining
 z - a +3 whip
 A - a +1 battleaxe
 F - a +2 quarterstaff of chaos
 I - a +2 battleaxe
Missiles
 o - 18 poisoned darts (quivered)
 u - 4 boomerangs
Armour
 b - a +0 scale mail (worn)
 c - a +0 buckler (worn)
 k - a +1 pair of gloves of strength (worn)
 m - a +0 cloak (worn)
 n - the +1 leather armour "Camisk" {rC+}
   (You found it on level 2 of the Dungeon)

   rC:        It protects you from cold.
 G - a +0 cloak
Jewellery
 e - a ring of see invisible (left hand)
 D - an amulet of the acrobat
Wands
 x - a wand of mindburst (17)
 B - a wand of paralysis (4)
 C - a wand of iceblast (9)
 E - a wand of flame (27)
Scrolls
 a - 2 scrolls of fear
 f - 2 scrolls of poison
 i - 2 scrolls of amnesia
 p - 4 scrolls of teleportation
 r - a scroll of magic mapping
 v - 2 scrolls of blinking
 K - a scroll of brand weapon {unknown}
Potions
 d - a potion of might
 g - 4 potions of mutation
 h - 4 potions of curing
 q - 2 potions of brilliance
 w - a potion of resistance
 H - 3 potions of haste {unknown}
 J - a potion of ambrosia {unknown}


   Skills:
 * Level 9.9(14.9) Fighting
 - Level 10.1(15.1) Axes
 + Level 1.8(6.8) Throwing
 + Level 9.0(14.0) Armour
 + Level 4.3(9.3) Dodging
 + Level 1.0(6.0) Stealth
 + Level 6.5(11.5) Shields
 * Level 3.8 Invocations
 + Level 0.1 Evocations


You had 9 spell levels left.
You didn't know any spells.
Your spell library contained the following spells:

 Spells                   Type           Power      Damage    Failure   Level
 Necrotise                Necr           0%         1d4       75%         1
 Gell's Gravitas          Tloc           0%         N/A       98%         3
 Teleport Other           Tloc           0%         N/A       98%         3
 Vampiric Draining        Necr           0%         2d6       98%         3
 Agony                    Necr           0%         N/A       100%        5
 Freezing Cloud           Conj/Ice/Air   0%         6-21      100%        5
 Dispersal                Tloc           0%         N/A       100%        6
 Polar Vortex             Ice            0%         N/A       100%        9
 Simulacrum               Ice/Necr       Unusable   N/A       N/A         6

Dungeon Overview and Level Annotations

Branches:
Dungeon (9/15)             Temple (1/1) D:6
   Lair: D:8-11         Orc: D:9-12

Altars:
Ashenzari
Cheibriados
Dithmenos
Elyvilon
Fedhas
Gozag
Hepliaklqana
Kikubaaqudgha
Nemelex Xobeh
Okawaru
Qazlal
Ru
Sif Muna
Trog
Uskayaw
Vehumet
Wu Jian
Xom
Yredelemnul
Zin

Shops:
D:5 *   D:8 =


Innate Abilities, Weirdness & Mutations

You have a pair of horns on your head.
You reflexively headbutt those who attack you in melee.
You are agile. (Dex +4, Str/Int -1)
Your system is resistant to poisons. (rPois)
You occasionally lose the ability to read scrolls when taking damage.


Message History

You hit the yak but do no damage. Lightning courses through the yak!!
You hit the yak.
The yak is almost dead.
You hit the yak. The yak barely misses you. The yak closely misses you.
You hit the yak but do no damage.
The yak is almost dead.
You hit the yak. You slash the yak! Lightning courses through the yak!
You kill the yak!
Okawaru accepts your kill. The yak gores you! The yak barely misses you.
You hit the yak. You headbutt the yak.
You kill the yak!
Okawaru accepts your kill.
You hit the yak. You slash the howler monkey!
The howler monkey hoots and howls with incredible vigour!
The yak gores you but does no damage. The yak gores you!
* * * LOW HITPOINT WARNING * * *
The howler monkey hits you.
* * * LOW HITPOINT WARNING * * *
A vampire comes into view.
The yak gores you.
* * * LOW HITPOINT WARNING * * *
The howler monkey barely misses you.
You feel very mighty all of a sudden.
The howler monkey hits you but does no damage.
The yak misses you. The yak closely misses you.
You gain the combat prowess of a mighty hero.
The howler monkey hits you but does no damage.
The yak gores you but does no damage. The yak gores you!
You feel threatened and lose the ability to read scrolls!
* * * LOW HITPOINT WARNING * * *
Unknown command.
You slash the yak! You headbutt the yak!
The yak is severely wounded.
You hit the yak. You hit the howler monkey.
Lightning courses through the howler monkey!
You kill the howler monkey!
Okawaru accepts your kill. The yak gores you.
You die...

#.#...........#
#..........
#...##.........#
##..........
#....
##.......##
#...........
...#.. ##......#
#.........>.
.####. ##.....#
#...........
##....#
#...........
#...##
#...........
#...Y##
##..........
####@Y#
###........
##†Y# ####.....
##..# ####..
..V. ### ......
....... .......
.......


You could see 3 yaks and a vampire.

Vanquished Creatures
  Sigmund (D:4)
  Eustachio (D:4)
  6 yaks (D:9)
  Menkaure (D:4)
  3 water moccasins
  Duvessa (D:5)
  2 ice beasts
  3 orc warriors
  4 ogres
  A black bear (D:5)
  2 sky beasts
  A centaur (D:7)
  Blork the orc (D:6)
  A gnoll sergeant (D:6)
  2 necrophages
  A scorpion (D:5)
  2 bullfrogs (D:7)
  8 wights
  Dowan (D:6)
  3 killer bees (D:9)
  4 howler monkeys
  An electric eel (D:6)
  3 hounds
  6 jellies
  Crazy Yiuf (D:7)
  4 orc priests
  A gnoll bouda (D:6)
  5 iguanas
  4 orc wizards
  7 adders
  18 gnolls
  2 white imps
  4 dart slugs
  29 orcs
  7 endoplasms
  5 giant cockroaches
  5 goblins
  11 hobgoblins
  10 jackals
  6 quokkas
  6 ball pythons
  4 bats
  4 frilled lizards
  10 kobolds
  5 rats
207 creatures vanquished.

Vanquished Creatures (others)
  4 fungi (D:7)
4 creatures vanquished.

Grand Total: 211 creatures vanquished

Notes
Turn   | Place    | Note
-------+----------+-------------------------------------------
     0 | D:1      | Icepheonix32 the Minotaur Fighter began the quest for the
                  | Orb.
     0 | D:1      | Reached XP level 1. HP: 19/19 MP: 0/0
    79 | D:1      | Reached XP level 2. HP: 27/27 MP: 1/1
   559 | D:1      | Reached XP level 3. HP: 33/34 MP: 2/2
  1242 | D:2      | Identified the +1 leather armour "Camisk" {rC+}
  1366 | D:2      | Reached skill level 3 in Axes
  1501 | D:2      | Found a faded altar of an unknown god.
  1514 | D:2      | Reached XP level 4. HP: 27/41 MP: 3/3
  1860 | D:3      | Reached skill level 1 in Dodging
  1864 | D:3      | Reached skill level 4 in Axes
  1962 | D:3      | Reached XP level 5. HP: 47/47 MP: 4/4
  2532 | D:4      | Found a hide-covered altar of Uskayaw.
  2568 | D:4      | Noticed Menkaure
  2581 | D:4      | Killed Menkaure
  2582 | D:4      | Reached skill level 5 in Fighting
  2582 | D:4      | Reached skill level 5 in Armour
  2582 | D:4      | Reached XP level 6. HP: 29/56 MP: 5/5
  2656 | D:4      | Reached skill level 5 in Shields
  2658 | D:4      | Reached skill level 5 in Axes
  2877 | D:4      | Noticed Sigmund
  2886 | D:4      | Killed Sigmund
  2887 | D:4      | Reached XP level 7. HP: 52/61 MP: 6/6
  3035 | D:4      | Noticed Eustachio
  3093 | D:4      | Killed Eustachio
  3094 | D:4      | Reached skill level 6 in Axes
  3748 | D:5      | Entered Level 5 of the Dungeon
  3905 | D:5      | Reached skill level 7 in Axes
  3905 | D:5      | Reached XP level 8. HP: 65/70 MP: 7/7
  4073 | D:5      | Found a snail-covered altar of Cheibriados.
  4564 | D:5      | Reached skill level 8 in Axes
  4574 | D:5      | Found Fucoak's General Store.
  4583 | D:5      | Bought a scroll of identify for 24 gold pieces
  4900 | D:5      | Found a sacrificial altar of Ru.
  5114 | D:6      | Noticed Duvessa
  5114 | D:6      | Noticed Dowan
  5120 | D:6      | Killed Dowan
  5127 | D:5      | Killed Duvessa
  5131 | D:5      | Gained mutation: Your body sometimes deteriorates upon
                  | taking damage. [potion of mutation]
  5196 | D:6      | Reached skill level 9 in Axes
  5495 | D:6      | Reached XP level 9. HP: 60/78 MP: 8/8
  5496 | D:6      | Paralysed by an orc priest for 5 turns
  6345 | D:6      | Reached skill level 1 in Throwing
  6413 | D:6      | Found a staircase to the Ecumenical Temple.
  6427 | D:6      | Noticed Blork the orc
  6438 | D:6      | Killed Blork the orc
  6447 | Temple   | Entered the Ecumenical Temple
  6588 | Temple   | Became a worshipper of Warmaster Okawaru
  6675 | D:6      | Reached skill level 1 in Invocations
  7475 | D:7      | Found a bloodstained altar of Trog.
  7524 | D:7      | Reached * piety under Okawaru
  7846 | D:7      | Lost mutation: Your body sometimes deteriorates upon taking
                  | damage. [potion of mutation]
  7846 | D:7      | Gained mutation: You occasionally lose the ability to read
                  | scrolls when taking damage. [potion of mutation]
  7846 | D:7      | Gained mutation: Your system is resistant to poisons.
                  | (rPois) [potion of mutation]
  7846 | D:7      | Gained mutation: You are agile. (Dex +4, Str/Int -1)
                  | [potion of mutation]
  8389 | D:7      | Found a runed translucent door.
  8390 | D:7      | Noticed Crazy Yiuf
  8398 | D:7      | Killed Crazy Yiuf
  8445 | D:8      | Reached skill level 10 in Axes
  8785 | D:8      | Reached XP level 10. HP: 80/91 MP: 11/11
  8792 | D:8      | Reached ** piety under Okawaru
  9247 | D:8      | Found Xines's Jewellery Shop.
  9533 | D:9      | Found a shimmering altar of Xom.
  9534 | D:9      | Found a shimmering altar of Xom.
  9535 | D:9      | Found a shimmering altar of Xom.
  9535 | D:9      | Found a shimmering altar of Xom.
  9535 | D:9      | Found a shimmering altar of Xom.
  9705 | D:9      | Identified the +0 leather armour "Waadgh" {Dex+4}
  9736 | D:9      | Reached skill level 1 in Stealth
  9750 | D:9      | HP: 4/93 [yak (13)]
  9751 | D:9      | Slain by a yak

Illustrated notes

Levels and vault maps discovered:
D:1:      minmay_arrival_radiant_lines, layout_basic
D:2:      layout_rooms, shapermc_ecumenical_altar_pompeii
D:3:      layout_rooms, kennysheep_generic_room_2
D:4:      layout_layer_cave, amcnicky_altar_gilded, item_on_display_a,
          uniq_menkaure, uniq_eustachio, uniq_sigmund
D:5:      layout_loops_corners, cheibriados_altar_2,
          nicolae_ru_sacrificial_ziggurat, serial_shops, nicolae_shop_trees
D:6:      layout_layer_cave, minmay_temple_entry_junction_2, kennysheep_diamond,
          uniq_blork_the_orc, uniq_duvessa
D:7:      layout_loops_corners, mainiacjoe_overflow_paths,
          uniq_crazy_yiuf_cottage
D:8:      layout_cave_pools, serial_co_window_serial,
          co_window_of_opportunity_a, co_window_paths_b, co_window_paths_a,
          co_window_paths_a, co_window_corner_a, co_window_2corner,
          co_window_unsneaky_path_b, co_window_corner_b, co_window_4corner_b,
          glass_columns_a, glass_columns_a, glass_columns_a, serial_shops, shop
D:9:      layout_cave_pods, xom_redecorated, kennysheep_mini_moat
Temple:   minmay_freezing_vapour_temple

Skill      XL: |  1  2  3  4  5  6  7  8  9 10 |
---------------+-------------------------------+-----
Shields        | 4 5 6 |  6.5
Fighting       | 4 5 6 9 |  9.9
Armour         | 4 5 7 8 9 |  9.0
Axes           | 3 4 5 7 9 10 | 10.1
Dodging        | 1 3 4 |  4.3
Throwing       | 1 |  1.8
Invocations    | 3 |  3.8
Stealth        | 1 |  1.0
Evocations     | |  0.1

Action                   |  1- 3 |  4- 6 |  7- 9 | 10-12 || total
-------------------------+-------+-------+-------+-------++-------
Melee: War axe           |    49 |       |       |       ||    49
       Headbutt          |    12 |    10 |    51 |     9 ||    82
       Hand axe          |    39 |    95 |   299 |    44 ||   477
Throw: Dart              |       |       |    20 |     1 ||    21
Invok: Heroism           |       |       |       |     1 ||     1
Evoke: Wand              |       |       |     3 |       ||     3
  Use: Scroll            |       |     8 |     8 |       ||    16
       Potion            |       |     1 |     9 |     1 ||    11
Armor: Scale mail        |    35 |    42 |   121 |    19 ||   217
       Skin              |       |       |     5 |       ||     5
Dodge: Dodged            |    45 |    45 |   143 |    21 ||   254
Block: Buckler           |    13 |    16 |    67 |     5 ||   101
